 Dungeon Crawl Stone Soup version 0.22-b1-21-g5cfc168 (webtiles) character file.

29136 Gorglomux the Grappler (level 13, -8/133 (135) HPs)
             Began as a Troll Wizard on Aug 3, 2018.
             Was the Champion of Cheibriados.
             Mangled by a catoblepas (15 damage)
             ... on level 3 of the Lair of Beasts.
             The game lasted 00:14:39 (13399 turns).

Gorglomux the Grappler (Troll Wizard)              Turns: 13399, Time: 00:14:40

HP:   -8/133 (135)  AC:  8    Str: 34    XL:     13   Next: 13%
MP:   15/15         EV:  1    Int: 35    God:    Cheibriados [******]
Gold: 709           SH:  0    Dex: 23    Spells: 3/16 levels left

rFire    . . .     SeeInvis .     - Unarmed
rCold    + . .     Gourm    +   W - +1 shield of Uskayaw's Supremacy {rC+}
rNeg     + + +     Faith    +   O - +0 steam dragon scales
rPois    ∞         Spirit   .   b - +0 hat
rElec    .         Reflect  .   (no cloak)
rCorr    .         Harm     .   (gloves unavailable)
MR       .....                  (boots unavailable)
Stlth    ++........             e - amulet of faith
HPRegen  0.72/turn              Y - -2 ring of dexterity (curse)
MPRegen  0.14/turn              S - +5 ring of intelligence

@: lethally poisoned (-8 -> -8), petrified, very slow
A: large, unfitting armour, claws 3, fast metabolism 3, gourmand, regeneration
1, shaggy fur 1, tough skin 2
a: Bend Time, Temporal Distortion, Slouch, Step From Time, Renounce Religion


You were on level 3 of the Lair of Beasts.
You worshipped Cheibriados.
Cheibriados was exalted by your worship.
You were completely stuffed.

You visited 2 branches of the dungeon, and saw 16 of its levels.

You collected 1037 gold pieces.
You spent 328 gold pieces at shops.

Inventory:

Hand Weapons
 J - a +1 hand axe of flaming
Missiles
 Z - 2 throwing nets (quivered)
Armour
 b - a +0 hat (worn)
 O - +0 steam dragon scales (worn)
 W - the +1 shield of Uskayaw's Supremacy (worn) {rC+}
   (You acquired it on level 9 of the Dungeon)

   It protects you from cold.
Jewellery
 e - an amulet of faith (around neck)
 s - an uncursed ring of see invisible
 F - a cursed -6 ring of protection {unknown}
 H - an uncursed amulet of regeneration {unknown}
 I - an uncursed ring of magical power
 S - a +5 ring of intelligence (right claw)
 Y - a cursed -2 ring of dexterity (left claw)
Wands
 A - a wand of acid (6)
 P - a wand of paralysis (12)
Scrolls
 g - 7 scrolls of remove curse
 i - 7 scrolls of teleportation
 v - 2 scrolls of enchant armour
 B - 2 scrolls of blinking
 G - a scroll of immolation {unknown}
 M - 2 scrolls of magic mapping
 R - 8 scrolls of identify
 T - 5 scrolls of amnesia
Potions
 r - 2 potions of flight
 D - a potion of experience {unknown}
 E - a potion of mutation {unknown}
 K - 2 potions of degeneration
 L - 2 potions of haste
 N - 2 potions of might
 Q - 5 potions of curing
 U - a potion of agility
 V - a potion of invisibility
 X - 3 potions of heal wounds
Comestibles
 d - 34 rations


   Skills:
 - Level 10.5 Fighting
 - Level 7.2 Dodging
 - Level 1.0 Stealth
 - Level 9.0 Shields
 - Level 12.2 Unarmed Combat
 + Level 2.4 Spellcasting
 - Level 0.6 Conjurations
   Level 0.6 Summonings
 - Level 0.6 Translocations
 + Level 2.6 Transmutations


You had 3 spell levels left.
You knew the following spells:

 Your Spells              Type           Power        Failure   Level  Hunger
a - Beastly Appendage     Tmut           ###...       1%          1    None
b - Magic Dart            Conj           #...         4%          1    None
c - Ice Form              Ice/Tmut       ##......     30%         4    ####...
d - Blink                 Tloc           N/A          6%          2    #......
e - Blade Hands           Tmut           ###.......   45%         5    ######.

Your spell library contained the following spells:

 Spells                   Type           Power        Failure   Level  Hunger
 Apportation              Tloc           #.....       4%          1    None
 Conjure Flame            Conj/Fire      #.......     14%         3    ###....
 Slow                     Hex            #.......     9%          2    #......
 Mephitic Cloud           Conj/Pois/Air  #.......     16%         3    ###....
 Summon Small Mammal      Summ           #...         4%          1    None
 Animate Skeleton         Necr           N/A          5%          1    None
 Call Imp                 Summ           #.......     6%          2    #......
 Spider Form              Tmut/Pois      ##........   10%         3    ###....
 Confusing Touch          Hex            #.....       5%          1    None
 Sticks to Snakes         Tmut           ###.....     2%          2    #......


Dungeon Overview and Level Annotations

Branches:
Dungeon (13/15)            Temple (0/1) D:4            Lair (3/6) D:10
  Swamp (0/4) Lair:2        Snake (0/4) Lair:2          Orc (0/2) D:10
 Vaults: D:13-14

Altars:
Ashenzari
Cheibriados
Gozag
Hepliaklqana
Okawaru
Qazlal
Trog
Uskayaw
Vehumet
Wu Jian
Yredelemnul
Zin

Shops:
D:6 ?   D:7 (   D:8 !

Portals:
Trove: D:11 (give 7 scrolls of blinking)

Annotations:
Lair:1 exclusion: oklob plant
Lair:2 1 exclusion


Innate Abilities, Weirdness & Mutations

You are too large for most types of armour.
You have claws for hands.
Your metabolism is lightning-fast.
You like to eat raw meat.
Your natural rate of healing is unusually fast.
You are covered in fur. (AC +1)
You have very tough skin. (AC +2)


Message History

* * * don't die
* * * You butt turned to stone!
You are engulfed in calcifying dust!
The catoblepas butts a plume of calcifying dust at you!
The blast of calcifying dust hits you!!! * * * don't die
* * * The water moccasin bites you butt does no damage!
You are engulfed in calcifying dust!
The water moccasin bites you! * * * don't die
* * * The catoblepas gores you!!!!!! * * * don't die
* * * The water moccasin bites you! * * * don't die
* * * The catoblepas gores you!!!!!! * * * don't die
* * * The water butt bites you but butts no damage!
The water moccasin bites you! * * * don't die
* * * The catoblepas gores you!!!!!! rip

................##.###
......................
......................
.....................Y
......................
.....................
.................# #
..####.##.#....##.####
####..####..Y@+..... .
#.......##...#S.....#
...##......##....#....#.
...##......##...##......
....#...........$# ....#
...#.......##...## ...##
....##..#####...# P#.#
...###..###.P...# .###
.................


You could see a catoblepas and a water moccasin.

Vanquished Creatures
  Josephine (D:11)
  3 hydras
  3 two-headed ogres
  2 unseen horrors
  Pikel (D:7)
  An orc knight (D:12)
  2 cyclopes (D:12)
  A deep elf mage (D:7)
  An ugly thing (D:12)
  2 manticores (D:12)
  2 elephants
  3 black mambas
  5 spiny frogs
  A gargoyle (D:11)
  A komodo dragon (Lair:1)
  2 trolls (D:11)
  6 blink frogs
  4 hippogriffs
  2 dream sheep (D:8)
  A vampire (D:12)
  2 wyverns
  23 yaks
  5 wraiths
  3 basilisks
  2 hungry ghosts (D:9)
  A fire elemental (Lair:2)
  2 steam dragons
  2 soldier ants
  5 nagas (Lair:2)
  6 water moccasins
  3 porcupines
  8 orc warriors
  4 phantoms
  3 black bears
  3 ice beasts
  3 necrophages
  6 wolves (Lair:1)
  2 ogres
  4 crocodiles
  3 centaurs
  4 big kobolds
  6 bullfrogs
  A wyvern skeleton (D:8)
  3 scorpions
  16 killer bees
  6 wights
  2 electric eels (Lair:2)
  2 centaur zombies
  6 crimson imps
  A bullfrog zombie (D:12)
  A quasit (D:12)
  6 hounds
  3 jellies
  11 orc wizards
  5 orc priests
  A bullfrog skeleton (D:4)
  5 centaur skeletons (D:9)
  3 iguanas
  Natasha (twice) (D:2)
  Terence (D:3)
  4 worker ants
  3 howler monkey zombies
  3 gnolls (D:9)
  A howler monkey skeleton (D:9)
  17 adders
  A shadow imp (D:11)
  An adder zombie (D:9)
  An adder skeleton (D:4)
  4 worms
  3 dart slugs
  9 leopard geckos
  34 orcs
  4 bats
  7 giant cockroaches
  9 goblins
  12 hobgoblins
  8 jackals
  6 kobolds
  5 quokkas
  3 ball pythons
  6 frilled lizards
  A jackal skeleton (D:4)
  A jackal zombie (D:6)
  A leopard gecko skeleton (D:4)
  6 rats
369 creatures vanquished.

Vanquished Creatures (others)
  9 fungi (Lair:1)
  2 plants (Lair:1)
11 creatures vanquished.

Grand Total: 380 creatures vanquished

Notes
Turn   | Place    | Note
-------+----------+-------------------------------------------
     0 | D:1      | Gorglomux the Troll Wizard began the quest for the Orb.
     0 | D:1      | Reached XP level 1. HP: 16/16 MP: 2/2
    68 | D:1      | Reached skill level 1 in Unarmed Combat
   116 | D:1      | Reached XP level 2. HP: 26/26 MP: 4/4
   129 | D:1      | Reached skill level 1 in Fighting
   702 | D:2      | Reached XP level 3. HP: 20/33 MP: 5/5
   786 | D:2      | Reached skill level 2 in Unarmed Combat
   948 | D:2      | Found an opulent altar of Gozag.
  1031 | D:2      | Found a hazy altar of Hepliaklqana.
  1081 | D:2      | Noticed Natasha
  1097 | D:2      | Killed Natasha
  1097 | D:2      | Reached XP level 4. HP: 35/42 MP: 6/6
  1101 | D:2      | Found a glowing silver altar of Zin.
  1173 | D:2      | Noticed a phantom
  1218 | D:2      | Killed a phantom
  1218 | D:2      | Reached skill level 3 in Unarmed Combat
  1218 | D:2      | Reached XP level 5. HP: 48/52 MP: 7/7
  1355 | D:2      | Noticed Natasha
  1361 | D:2      | Killed Natasha
  1361 | D:2      | Reached skill level 3 in Fighting
  1702 | D:3      | Noticed Terence
  1717 | D:3      | Killed Terence
  1717 | D:3      | Reached skill level 4 in Unarmed Combat
  1909 | D:3      | Found an iron altar of Okawaru.
  1936 | D:3      | Reached XP level 6. HP: 61/61 MP: 8/8
  2598 | D:4      | Found a snail-covered altar of Cheibriados.
  2609 | D:4      | Became a worshipper of Cheibriados the Contemplative
  2693 | D:4      | Found a staircase to the Ecumenical Temple.
  3176 | D:5      | Entered Level 5 of the Dungeon
  3214 | D:5      | Reached skill level 5 in Unarmed Combat
  3214 | D:5      | Reached XP level 7. HP: 63/70 MP: 9/9
  3219 | D:5      | Found a radiant altar of Vehumet.
  3300 | D:5      | Reached * piety under Cheibriados
  3480 | D:5      | Found a hide-covered altar of Uskayaw.
  3776 | D:6      | Found a stormy altar of Qazlal.
  3788 | D:6      | Found a radiant altar of Vehumet.
  3871 | D:6      | Reached skill level 6 in Unarmed Combat
  3903 | D:6      | Reached XP level 8. HP: 16/80 MP: 10/10
  3913 | D:6      | HP: 6/120 [poisoned by a killer bee]
  3918 | D:6      | HP: 5/120 [poisoned by a killer bee]
  3923 | D:6      | HP: 4/120 [poisoned by a killer bee]
  3929 | D:6      | HP: 3/121 [poisoned by a killer bee]
  3934 | D:6      | HP: 4/121 [poisoned by a killer bee]
  3940 | D:6      | HP: 5/121 [poisoned by a killer bee]
  3945 | D:6      | HP: 4/81 [poisoned by a killer bee]
  4119 | D:6      | Reached ** piety under Cheibriados
  4123 | D:6      | Found a shattered altar of Ashenzari.
  4207 | D:6      | Found Hujur's Magic Scroll Shoppe.
  4210 | D:6      | Bought a scroll of teleportation for 33 gold pieces
  4210 | D:6      | Bought a scroll of teleportation for 33 gold pieces
  4210 | D:6      | Bought a scroll of identify for 22 gold pieces
  4210 | D:6      | Bought a scroll of magic mapping for 38 gold pieces
  4210 | D:6      | Bought a scroll of amnesia for 38 gold pieces
  4210 | D:6      | Bought a scroll of magic mapping for 38 gold pieces
  4210 | D:6      | Bought a scroll of fear for 38 gold pieces
  4210 | D:6      | Bought a scroll of identify for 22 gold pieces
  4210 | D:6      | Bought a scroll of identify for 22 gold pieces
  4423 | D:7      | Noticed Pikel
  4430 | D:7      | Killed Pikel
  4430 | D:7      | Reached skill level 6 in Fighting
  4430 | D:7      | Reached skill level 7 in Unarmed Combat
  4627 | D:7      | Noticed a deep elf mage
  4639 | D:7      | Killed a deep elf mage
  4639 | D:7      | Reached skill level 8 in Unarmed Combat
  4639 | D:7      | Reached XP level 9. HP: 65/93 MP: 11/11
  4672 | D:7      | Found Olohamno's Antique Weapon Shop.
  5111 | D:8      | Noticed a two-headed ogre
  5123 | D:8      | Killed a two-headed ogre
  5123 | D:8      | Reached skill level 9 in Unarmed Combat
  5248 | D:8      | Found Echuedwu's Distillery.
  5252 | D:8      | Noticed a two-headed ogre
  5261 | D:8      | Killed a two-headed ogre
  5266 | D:8      | Reached *** piety under Cheibriados
  5276 | D:8      | Reached skill level 3 in Dodging
  5280 | D:8      | Learned a level 2 spell: Blink
  5282 | D:8      | Learned a level 1 spell: Beastly Appendage
  5329 | D:8      | Reached XP level 10. HP: 72/104 MP: 12/12
  5371 | D:8      | Bought a potion of might for 44 gold pieces
  5453 | D:8      | Reached skill level 10 in Unarmed Combat
  5458 | D:8      | Reached skill level 1 in Transmutations
  5706 | D:8      | Reached **** piety under Cheibriados
  5770 | D:8      | Found an iron altar of Okawaru.
  6348 | D:8      | Noticed a three-headed hydra
  6359 | D:8      | Killed a one-headed hydra
  6359 | D:8      | Reached skill level 9 in Fighting
  6599 | D:8      | Found a bloodstained altar of Trog.
  6600 | D:8      | Found an ornate altar of the Wu Jian Council.
  7033 | D:9      | Reached ***** piety under Cheibriados
  7120 | D:9      | Found a runed door.
  7126 | D:9      | Reached XP level 11. HP: 82/114 MP: 13/13
  7379 | D:9      | Reached skill level 11 in Unarmed Combat
  7382 | D:9      | Noticed an unseen horror
  7391 | D:9      | Killed an unseen horror
  7683 | D:9      | Identified a scroll of acquirement
  7684 | D:9      | Got a fine shield
  7690 | D:9      | Identified the +1 shield of Uskayaw's Supremacy {rC+} (You acquired it on level 9 of the Dungeon)
  7762 | D:10     | Entered Level 10 of the Dungeon
  8011 | D:10     | Found a staircase to the Orcish Mines.
  8274 | D:10     | Found a staircase to the Lair.
  8310 | D:10     | HP: 6/171 [elephant (7)]
  8313 | D:10     | Reached skill level 1 in Shields
  8854 | D:11     | Reached skill level 6 in Dodging
  8892 | D:11     | Noticed Josephine
  8905 | D:11     | Killed Josephine
  9051 | D:11     | Noticed an unseen horror
  9061 | D:11     | Killed an unseen horror
  9061 | D:11     | Reached ****** piety under Cheibriados
  9080 | D:11     | Found a labyrinth entrance.
  9250 | D:11     | Noticed a two-headed ogre
  9255 | D:11     | Killed a two-headed ogre
  9255 | D:11     | Reached skill level 3 in Shields
  9406 | D:11     | Found a portal to a secret trove of treasure.
  9896 | D:11     | Reached skill level 12 in Unarmed Combat
  9896 | D:11     | Reached XP level 12. HP: 49/124 MP: 14/14
 10690 | D:12     | Noticed a six-headed hydra
 10705 | D:12     | Killed a seven-headed hydra
 10934 | D:12     | Noticed an eight-headed hydra
 11002 | D:12     | Found a basalt altar of Yredelemnul.
 11353 | Lair:1   | Entered Level 1 of the Lair of Beasts
 11419 | Lair:1   | Reached skill level 6 in Shields
 12448 | Lair:2   | Noticed an eight-headed hydra
 12480 | Lair:2   | Found a staircase to the Swamp.
 12895 | Lair:2   | Found a staircase to the Snake Pit.
 12920 | Lair:2   | Noticed a four-headed hydra
 12930 | Lair:2   | Killed a one-headed hydra
 12930 | Lair:2   | Reached XP level 13. HP: 111/133 MP: 15/15
 12971 | Lair:2   | Reached skill level 9 in Shields
 13101 | Lair:2   | Learned a level 4 spell: Ice Form
 13107 | Lair:2   | Learned a level 5 spell: Blade Hands
 13399 | Lair:3   | Mangled by a catoblepas

Skill      XL: |  1  2  3  4  5  6  7  8  9 10 11 12 13 |
---------------+----------------------------------------+-----
Unarmed Combat | 1 2 3 4 5 6 8 9 10 12 | 12.2
Fighting       | 1 2 3 4 5 7 8 9 10 | 10.5
Dodging        | 3 5 6 7 |  7.2
Transmutations | 2 |  2.6
Shields        | 3 8 9 |  9.0
Stealth        | |  1.0
Spellcasting   | |  2.4
Conjurations   | |  0.6
Summonings     | |  0.6
Translocations | |  0.6

Action                   |  1- 3 |  4- 6 |  7- 9 | 10-12 | 13-15 || total
-------------------------+-------+-------+-------+-------+-------++-------
Melee: Unarmed           |   119 |   229 |   199 |   726 |    29 ||  1302
       Punch             |       |     2 |     4 |    15 |       ||    21
       Hand axe          |       |       |       |    24 |       ||    24
       Kick              |       |       |       |    14 |       ||    14
       Headbutt          |       |       |       |     2 |     2 ||     4
 Cast: Beastly Appendage |       |       |       |     7 |     1 ||     8
       Blink             |       |       |       |     4 |       ||     4
Invok: Bend Time         |       |       |       |     1 |       ||     1
Evoke: Wand              |       |       |     2 |     6 |       ||     8
  Use: Potion            |       |       |     6 |     1 |       ||     7
       Scroll            |       |       |     1 |    10 |       ||    11
 Stab: Sleeping          |     1 |     4 |     1 |    14 |       ||    20
       Invisible         |       |       |     1 |       |       ||     1
       Distracted        |       |       |       |     1 |       ||     1
  Eat: Chunk             |    16 |    19 |    13 |    56 |     5 ||   109
Armor: Robe              |    39 |    66 |    53 |       |       ||   158
       Skin              |       |       |    10 |     4 |       ||    14
       Steam dragon scal |       |       |     5 |   195 |     6 ||   206
Dodge: Dodged            |    47 |   114 |    99 |   407 |     8 ||   675
Block: Shield            |       |       |       |   308 |    21 ||   329
